 Dungeon Crawl Stone Soup version 0.30-a0-359-gd0147acb1a (webtiles) character file.

Game seed: 1382156104363225381

718 oldmanjim the Vexing (level 7, 0/53 HPs)
             Began as a Gnoll Hexslinger on Nov 12, 2022.
             Was an Initiate of Okawaru.
             Slain by a lemure (2 damage)
             ... led by Pikel
             ... on level 5 of the Dungeon.
             The game lasted 00:30:11 (5385 turns).

oldmanjim the Vexing (Gnoll Hexslinger)             Turns: 5385, Time: 00:30:14

Health: 0/53       AC:  2    Str: 10    XL:     7   Next: 70%
Magic:  9/13       EV: 16    Int: 12    God:    Okawaru [......]
Gold:   99         SH:  6    Dex: 14    Spells: 10/14 levels left

rFire   . . .      SeeInvis +    b - +4 dagger
rCold   . . .      Faith    .    o - +0 buckler
rNeg    . . .      Spirit   .    c - +0 robe
rPois   .          Reflect  .    (no helmet)
rElec   .          Harm     .    (no cloak)
rCorr   .          Rampage  .    (no gloves)
Will    +....                    (no boots)
Stlth   ++++......               (no amulet)
HPRegen 0.28/turn                u - ring of willpower
MPRegen 0.13/turn                t - ring of see invisible

@: heroic, very slightly contaminated
A: fangs 1, strong nose, distributed training
a: Renounce Religion


You were on level 5 of the Dungeon.
You worshipped Okawaru.
Okawaru was noncommittal.
You visited 2 branches of the dungeon, and saw 6 of its levels.

You collected 141 gold pieces.
You spent 42 gold pieces at shops.

Inventory:

Hand Weapons
 a - a +1 sling
 b - a +4 dagger (weapon)
 k - a +1 whip of draining
 s - a +0 shortbow
Missiles
 e - 48 stones
 m - 6 boomerangs
 n - a throwing net
 y - 2 poisoned darts
Armour
 c - a +0 robe (worn)
 o - a +0 buckler (worn)
Jewellery
 r - a ring of fire
 t - a ring of see invisible (right hand)
 u - a ring of willpower (left hand)
 z - a ring of ice
Scrolls
 j - 2 scrolls of poison
 x - a scroll of teleportation
Potions
 d - a potion of might
 f - a potion of resistance
 g - a potion of berserk rage
 h - 4 potions of curing
 i - 3 potions of heal wounds {unknown}
 l - 2 potions of attraction
 p - a potion of degeneration {unknown}
 q - a potion of haste {unknown}
 v - a potion of magic {unknown}
 w - a potion of mutation {unknown}


   Skills:
 + Level 3.8(8.8) Fighting
 + Level 2.7(7.7) Short Blades
 + Level 2.7(7.7) Long Blades
 + Level 2.7(7.7) Axes
 + Level 2.7(7.7) Maces & Flails
 + Level 2.7(7.7) Polearms
 + Level 2.7(7.7) Staves
 + Level 5.4(10.4) Ranged Weapons
 + Level 2.7(7.7) Throwing
 + Level 2.7(7.7) Armour
 + Level 5.4(10.4) Dodging
 + Level 2.7(7.7) Stealth
 + Level 2.7(7.7) Shields
 + Level 2.7(7.7) Unarmed Combat
 + Level 4.0 Spellcasting
 + Level 2.2 Conjurations
 + Level 5.9 Hexes
 + Level 2.2 Summonings
 + Level 2.2 Necromancy
 + Level 2.2 Translocations
 + Level 2.2 Transmutations
 + Level 2.2 Fire Magic
 + Level 2.2 Ice Magic
 + Level 2.2 Air Magic
 + Level 2.2 Earth Magic
 + Level 2.2 Poison Magic
 + Level 3.0 Invocations
 + Level 2.7 Evocations


You had 10 spell levels left.
You knew the following spells:

 Your Spells              Type           Power      Damage    Failure   Level
a - Slow                  Hex            64%        N/A       2%          1
b - Confusing Touch       Hex            16%        N/A       7%          3

Your spell library contained the following spells:

 Spells                   Type           Power      Damage    Failure   Level
 Necrotise                Necr           28%        1d5       11%         1
 Scorch                   Fire           14%        2d6       16%         2
 Inner Flame              Hex/Fire       12%        N/A       16%         3
 Portal Projectile        Hex/Tloc       24%        N/A       16%         3
 Cause Fear               Hex            8%         N/A       24%         4
 Vampiric Draining        Necr           7%         2d6       32%         3
 Leda's Liquefaction      Hex/Erth       6%         N/A       45%         4
 Flame Wave               Conj/Fire      7%         2d5       71%         4
 Agony                    Necr           7%         N/A       96%         5
 Conjure Ball Lightning   Conj/Air       3%         3x3d6     100%        6
 Storm Form               Tmut/Air       3%         N/A       100%        7
 Discord                  Hex            8%         N/A       100%        8
 Disjunction              Tloc           3%         N/A       100%        8
 Maxwell's Capacitive Co  Air            3%         ∞         100%        8
 Call Canine Familiar     Summ           Unusable   N/A       N/A         3
 Summon Lightning Spire   Summ/Air       Unusable   N/A       N/A         4
 Summon Cactus Giant      Summ           Unusable   N/A       N/A         6

Dungeon Overview and Level Annotations

Branches:
Dungeon (5/15)             Temple (1/1) D:5

Altars:
Ashenzari
Cheibriados
Dithmenos
Elyvilon
Fedhas
Gozag
Hepliaklqana
Kikubaaqudgha
Nemelex Xobeh
Okawaru
Qazlal
Ru
Sif Muna
Trog
Uskayaw
Wu Jian
Xom
Yredelemnul
Zin
The Shining One

Shops:
D:5 ?

Annotations:
D:4 Eustachio, Sigmund
D:5 Pikel


Innate Abilities, Weirdness & Mutations

You have very sharp teeth.
Your uncanny sense of smell can sniff out nearby items.
Your experience applies equally to all skills.


Message History

Casting: Confusing Touch (dangerous; 8% risk of failure)
Confirm with . or Enter, or press ? or * to list all spells.
Aiming: Slow (safe; 2% risk of failure)
Press: ? - help, Shift-Dir - straight line, f/p - lemure
Aim: a lemure (lightly wounded, chance to affect: 50%)
You miscast Slow.
You are very lightly contaminated with residual magic.
Nothing appears to happen.
Pikel misses the lemure.
You block the lemure's attack.
You barely miss Pikel. You bite Pikel, but do no damage.
Pikel is lightly wounded.
Pikel hits the lemure with a +2 whip of freezing!
Pikel freezes the lemure.
The lemure hits you.
You hit Pikel but do no damage.
Pikel is lightly wounded.
Pikel laughs crazily.
Pikel barely misses you. The lemure closely misses you.
You catch the helpless Pikel completely off-guard!
You puncture Pikel! You bite Pikel, but do no damage.
Pikel is moderately wounded.
Pikel hits you with a +2 whip of freezing!
Pikel freezes you.
Pikel barely misses himself.
The lemure barely misses you.
You hit Pikel.
Pikel is moderately wounded.
The lemure closely misses you.
Unknown command.
You barely miss Pikel.
Pikel is moderately wounded.
Unknown command.
You barely miss Pikel.
Pikel is moderately wounded.
Pikel closely misses the lemure.
The lemure hits you.
You gain the combat prowess of a mighty hero.
You can no longer gain great but temporary skills.
Pikel hits you with a +2 whip of freezing!
* * * LOW HITPOINT WARNING * * *
Pikel freezes you.
* * * LOW HITPOINT WARNING * * *
The lemure hits you.
You die...

#................ .
####.............. ....
#....<...........# .....
#................# .....
#...#......#.#...####.....
#####....5.###...##.......
####55##.......>......
###K5#..............
#..@##...........#..
##.........>.......#
##..#.............#
....###............#
#.....##...........##
#...#...............##
##..##..........#.#...
#..# .........####... ...
........†##.8.8.


You could see Pikel (confused) and 4 lemures.

Vanquished Creatures
  Grinder (D:4)
  An ice beast (D:5)
  A phantom (D:4)
  2 hounds (D:5)
  An orc priest (D:4)
  A gnoll bouda (D:4)
  An iguana (D:4)
  Robin (D:4)
  5 gnolls (D:4)
  3 adders
  A shadow imp (D:5)
  An ufetubus (D:5)
  2 worms
  9 orcs
  6 ball pythons
  A bat (D:2)
  7 endoplasms
  15 goblins
  10 hobgoblins
  13 jackals
  4 quokkas
  A frilled lizard (D:2)
  5 kobolds
  4 rats
  A toadstool (D:1)
97 creatures vanquished.

Vanquished Creatures (others)
  3 toadstools (D:1)
3 creatures vanquished.

Grand Total: 100 creatures vanquished

Notes
Turn   | Place    | Note
-------+----------+-------------------------------------------
     0 | D:1      | oldmanjim the Gnoll Hexslinger began the quest for the Orb.
     0 | D:1      | Reached XP level 1. HP: 17/17 MP: 4/4
   140 | D:1      | Reached XP level 2. HP: 23/23 MP: 5/5
   586 | D:1      | Reached XP level 3. HP: 28/28 MP: 7/7
   776 | D:1      | Learned a level 3 spell: Confusing Touch
  1262 | D:2      | Reached skill level 1 in Invocations
  1376 | D:2      | Reached skill level 1 in Short Blades
  1376 | D:2      | Reached skill level 1 in Long Blades
  1376 | D:2      | Reached skill level 1 in Axes
  1376 | D:2      | Reached skill level 1 in Maces & Flails
  1376 | D:2      | Reached skill level 1 in Polearms
  1376 | D:2      | Reached skill level 1 in Staves
  1376 | D:2      | Reached skill level 1 in Throwing
  1376 | D:2      | Reached skill level 1 in Armour
  1376 | D:2      | Reached skill level 1 in Stealth
  1376 | D:2      | Reached skill level 1 in Shields
  1376 | D:2      | Reached skill level 1 in Unarmed Combat
  1376 | D:2      | Reached skill level 1 in Evocations
  1742 | D:2      | Reached XP level 4. HP: 34/34 MP: 6/8
  2461 | D:3      | Found a sacrificial altar of Ru.
  2464 | D:3      | Found a shimmering altar of Xom.
  2465 | D:3      | Found a stormy altar of Qazlal.
  2477 | D:3      | Found a broken altar of Ashenzari.
  2478 | D:3      | Found a sparkling altar of Nemelex Xobeh.
  2738 | D:4      | Noticed Grinder
  2750 | D:4      | Paralysed by something for 2 turns
  2766 | D:4      | Paralysed by something for 3 turns
  2884 | D:4      | Reached skill level 1 in Conjurations
  2884 | D:4      | Reached skill level 1 in Summonings
  2884 | D:4      | Reached skill level 1 in Necromancy
  2884 | D:4      | Reached skill level 1 in Translocations
  2884 | D:4      | Reached skill level 1 in Transmutations
  2884 | D:4      | Reached skill level 1 in Fire Magic
  2884 | D:4      | Reached skill level 1 in Ice Magic
  2884 | D:4      | Reached skill level 1 in Air Magic
  2884 | D:4      | Reached skill level 1 in Earth Magic
  2884 | D:4      | Reached skill level 1 in Poison Magic
  2973 | D:4      | Found a hide-covered altar of Uskayaw.
  3202 | D:4      | Reached XP level 5. HP: 40/40 MP: 9/9
  3263 | D:4      | Noticed a phantom
  3284 | D:4      | Killed a phantom
  3526 | D:4      | Reached XP level 6. HP: 39/47 MP: 8/11
  3546 | D:4      | Reached skill level 5 in Ranged Weapons
  3546 | D:4      | Reached skill level 5 in Dodging
  3757 | D:4      | You fall into a shaft and drop 1 floor!
  3757 | D:5      | Entered Level 5 of the Dungeon
  3757 | D:5      | Found a staircase to the Ecumenical Temple.
  3766 | Temple   | Entered the Ecumenical Temple
  3966 | Temple   | Became a worshipper of Warmaster Okawaru
  4037 | D:5      | Noticed an ice beast
  4060 | D:5      | Killed an ice beast
  4131 | D:5      | Found Nafeblump's Magic Scroll Shop.
  4195 | D:4      | Killed Grinder
  4195 | D:4      | Reached * piety under Okawaru
  4196 | D:4      | Reached XP level 7. HP: 28/53 MP: 7/12
  4291 | D:4      | Noticed Eustachio
  4403 | D:4      | Noticed Sigmund
  4518 | D:4      | Found a shimmering blue altar of Sif Muna.
  4818 | D:4      | Noticed Robin
  4834 | D:4      | Killed Robin
  5276 | D:5      | Bought a scroll of teleportation for 42 gold pieces
  5347 | D:5      | Noticed Pikel
  5385 | D:5      | HP: 2/53 [Pikel/+2 whip of freezing (3)]
  5385 | D:5      | Slain by a lemure

Illustrated notes

Levels and vault maps discovered:
D:1:      ldierk_water_garden, layout_basic
D:2:      layout_loops_corners, minmay_randomly_rotated_circles
D:3:      layout_rooms, grunt_temple_overflow_open
D:4:      kennysheep_goblin_castle, layout_loops_corners, lemuel_blue_sif_altar,
          lemuel_doored_altar, uniq_grinder, uniq_eustachio, uniq_robin,
          uniq_sigmund
D:5:      layout_cave_pools, minmay_temple_entry_purple_smoke, serial_shops,
          nicolae_shop_temple_entry_statues_fountains, minmay_small_thing,
          uniq_pikel, uniq_ijyb
Temple:   nicolae_temple_figure_eight

Skill      XL: |  1  2  3  4  5  6  7 |
---------------+----------------------+-----
Invocations    | 1 2 3 |  3.0
Short Blades   | 1 2 |  2.7
Long Blades    | 1 2 |  2.7
Axes           | 1 2 |  2.7
Maces & Flails | 1 2 |  2.7
Polearms       | 1 2 |  2.7
Staves         | 1 2 |  2.7
Throwing       | 1 2 |  2.7
Armour         | 1 2 |  2.7
Stealth        | 1 2 |  2.7
Shields        | 1 2 |  2.7
Unarmed Combat | 1 2 |  2.7
Evocations     | 1 2 |  2.7
Spellcasting   | 3 4 |  4.0
Conjurations   | 1 2 |  2.2
Summonings     | 1 2 |  2.2
Necromancy     | 1 2 |  2.2
Translocations | 1 2 |  2.2
Transmutations | 1 2 |  2.2
Fire Magic     | 1 2 |  2.2
Ice Magic      | 1 2 |  2.2
Air Magic      | 1 2 |  2.2
Earth Magic    | 1 2 |  2.2
Poison Magic   | 1 2 |  2.2
Fighting       | 3 |  3.8
Ranged Weapons | 5 |  5.4
Dodging        | 5 |  5.4
Hexes          | |  5.9

Action                   |  1- 3 |  4- 6 |  7- 9 || total
-------------------------+-------+-------+-------++-------
Melee: Whip              |       |   125 |       ||   125
       Bite              |       |    10 |     9 ||    19
       Dagger            |       |       |    57 ||    57
 Fire: Sling             |   120 |    69 |    65 ||   254
 Cast: Slow              |    17 |    23 |     7 ||    47
       Confusing Touch   |     1 |     5 |     3 ||     9
Invok: Heroism           |       |       |     1 ||     1
  Use: Scroll            |     4 |     4 |     2 ||    10
 Stab: Confused          |       |     7 |     3 ||    10
Armor: Robe              |     8 |    11 |    11 ||    30
Dodge: Dodged            |    55 |    58 |    58 ||   171
Block: Buckler           |       |    15 |    14 ||    29

Table legend: (Time is in decaauts)
 A = Elapsed time spent in this place.
 B = Non-inter-level travel time spent in this place.
 C = Inter-level travel time spent in this place.
 D = Time resting spent in this place.
 E = Time spent auto-exploring this place.
 F = Levels seen in this place.
 G = Mean time per level.
                   A        B        C        D        E       F      G
               +--------+--------+--------+--------+--------+-----+--------+
         Total |   5412 |   5203 |    209 |    566 |   3564 |   6 |  902.0 |
       Dungeon |   5191 |   5012 |    179 |    566 |   3378 |   5 | 1038.2 |
        Temple |    220 |    190 |     30 |      0 |    186 |   1 |  220.0 |
               +--------+--------+--------+--------+--------+-----+--------+

Top non-repeatable levels by time:
     D:4: 2010 daAuts
     D:2: 1150 daAuts
     D:1: 1037 daAuts
     D:3: 671 daAuts
     D:5: 321 daAuts
  Temple: 220 daAuts
